 Dungeon Crawl Stone Soup version 0.30-a0-696-g2367cd04db (webtiles) character file.

Game seed: 1078734300443225954

167 Darius099 the Covered (level 5, -1/34 HPs)
             Began as a Gargoyle Fighter on Jan 21, 2023.
             Killed from afar by Jessica (3 damage)
             ... with a puff of flame
             ... on level 3 of the Dungeon.
             The game lasted 00:02:50 (2271 turns).

Darius099 the Covered (Gargoyle Fighter)            Turns: 2271, Time: 00:02:51

Health: -1/34      AC: 12    Str: 20    XL:     5   Next: 48%
Magic:  5/5        EV: 14    Int:  8    God:
Gold:   269        SH:  4    Dex: 11    Spells: 4/4 levels left

rFire   . . .      SeeInvis .    j - +2 mace (protect)
rCold   . . .      Faith    .    c - +0 buckler
rNeg    + . .      Spirit   .    b - +0 scale mail
rPois   ∞          Reflect  .    (no helmet)
rElec   +          Harm     .    (no cloak)
rCorr   .          Rampage  .    m - +0 pair of gloves
Will    .....                    (no boots) Stlth
                                 (no amulet)
HPRegen 0.25/turn                e - +5 ring of evasion
MPRegen 0.09/turn                i - ring of wizardry

@: no status effects
A: sickness immunity, AC +4, negative energy resistance 1, electricity
resistance, torment resistance 1, petrification resistance
a: no special abilities


You were on level 3 of the Dungeon.
You visited 1 branch of the dungeon, and saw 3 of its levels.

You collected 269 gold pieces.

Inventory:

Hand Weapons
 j - a +2 mace of protection (weapon)
Armour
 b - a +0 scale mail (worn)
 c - a +0 buckler (worn)
 m - a +0 pair of gloves (worn)
Jewellery
 e - a +5 ring of evasion (left hand)
 h - a ring of ice
 i - a ring of wizardry (right hand)
Scrolls
 a - 2 scrolls of immolation {unknown}
 f - 2 scrolls of butterflies {unknown}
 n - 2 scrolls of teleportation {unknown}
 p - a scroll of magic mapping {unknown}
 r - 2 scrolls of noise {unknown}
 s - a scroll of vulnerability {unknown}
Potions
 d - 3 potions of might
 g - 2 potions of brilliance {unknown}
 k - a potion of flight {unknown}
 l - a potion of curing {unknown}
 o - a potion of cancellation {unknown}
 q - a potion of heal wounds
 t - a potion of attraction {unknown}


   Skills:
 + Level 4.3 Fighting
 + Level 3.2 Maces & Flails
 + Level 4.3 Armour
 + Level 4.3 Shields


You had 4 spell levels left.
You didn't know any spells.
Your spell library contained the following spells:

 Spells                   Type           Power      Damage    Failure   Level
 Sandblast                Erth           0%         2d4       50%         1
 Passwall                 Tmut/Erth      0%         N/A       65%         2
 Stone Arrow              Conj/Erth      0%         3d7       86%         3
 Vhi's Electric Charge    Tloc/Air       0%         N/A       86%         3
 Arcjolt                  Conj/Air       0%         1d10      100%        5
 Maxwell's Capacitive Co  Air            0%         ∞         100%        8


Dungeon Overview and Level Annotations

Branches:
Dungeon (3/15)

Altars:
Dithmenos
Hepliaklqana
Xom

Annotations:
D:3 Jessica


Innate Abilities, Weirdness & Mutations

You are immune to sickness and miasma.
Your stone body is resilient. (AC +4)
You are immune to poison.
You resist negative energy. (rN+)
You are resistant to electric shocks. (rElec)
You are resistant to unholy torment.
You are immune to petrification.


Message History

You barely miss Jessica. Jessica hits you with a +0 club.
Jessica barely misses you.
Unknown command.
Unknown command.
Unknown command.
Unknown command.
Unknown command.
Unknown command.
Jessica is nearby!
Unknown command.
Jessica is nearby!
Unknown command.
Jessica is nearby!
Unknown command.
Jessica is nearby!
Unknown command.
Jessica is nearby!
Unknown command.
Unknown command.
Unknown command.
Unknown command.
Unknown command.
You closely miss Jessica. Jessica closely misses you.
Jessica hits you with a +0 club.
You barely miss Jessica. Jessica hits you with a +0 club.
* * * LOW HITPOINT WARNING * * *
Jessica barely misses you.
You sock Jessica!
Your weapon exudes an aura of protection.
Jessica is almost dead.
Jessica shouts, "You are a ghastly nuisance!"
Jessica casts a spell at you.
You barely resist.
Jessica mumbles some strange words.
Jessica blinks!
Jessica casts a spell at you. Pain shoots through your body!
* * * LOW HITPOINT WARNING * * *
Jessica zaps a wand.
The puff of flame hits you.
You die...

...# #.##.#.###...###..##.###+
##.# #.##.###.......##.##.###.
...# #.##.##.........##..)..#.
##.######.##.#....≈≈≈....#...#.#.
#.#......####...≈≈≈≈≈...####..#.
#.#.####.#.....≈≈...≈≈... #....
#.#.# #.......≈≈.>.≈≈... ####.
#.#.# #.#.....≈≈...≈≈... #....
#.#.# #.####..@≈≈≈≈≈...####..##
#.#.# #....#...@≈≈≈....##.....>
###.# #######.........###...##.
###.##### ##.......##.+......
##.......# #.###...###..#.#....
#......#.# #.# ######...#......
...#####.# #.# #...'...+.....#
#.######(# #.####..##...#......
#.##.....# #.#..(..####.####.##


You could see Jessica (fast).

Vanquished Creatures
  A hound (D:3)
  Terence (D:2)
  4 adders
  A worm (D:2)
  2 dart slugs (D:2)
  2 orcs (D:3)
  2 ball pythons (D:3)
  6 bats
  7 endoplasms
  3 giant cockroaches (D:1)
  11 goblins
  9 hobgoblins
  2 kobolds
  4 quokkas
  2 frilled lizards
  A rat (D:2)
58 creatures vanquished.

Notes
Turn   | Place    | Note
-------+----------+-------------------------------------------
     0 | D:1      | Darius099 the Gargoyle Fighter began the quest for the Orb.
     0 | D:1      | Reached XP level 1. HP: 14/14 MP: 1/1
   119 | D:1      | Reached XP level 2. HP: 19/19 MP: 2/2
   460 | D:1      | Reached XP level 3. HP: 23/23 MP: 3/3
   897 | D:2      | Noticed Terence
   906 | D:2      | Killed Terence
   907 | D:2      | Reached XP level 4. HP: 26/29 MP: 4/4
  1022 | D:2      | Found a shimmering altar of Xom.
  1362 | D:2      | Found a faded altar of an unknown god.
  1546 | D:3      | Reached XP level 5. HP: 33/33 MP: 5/5
  1801 | D:3      | Found a hazy altar of Hepliaklqana.
  1807 | D:3      | Found a shadowy altar of Dithmenos.
  1807 | D:3      | Noticed a shadow
  2102 | D:3      | Noticed Jessica
  2271 | D:3      | Killed from afar by Jessica

Illustrated notes

Levels and vault maps discovered:
D:1:      dpeg_arrival_stone_temple_mockup, layout_basic,
          corexii_leaking_fountain, serial_bayou_pond_b, minivault_11,
          chequers_serial_rivers_room_b, minmay_close_crescents
D:2:      layout_loops_ring, basic_ecumenical_altar, basic_altar, uniq_terence
D:3:      layout_basic, riverfiend_overflow_shadow_ancestor, tgw_sif

Skill      XL: |  1  2  3  4 |
---------------+-------------+-----
Armour         | 4 |  4.3
Fighting       | 4 |  4.3
Shields        | 4 |  4.3
Maces & Flails | 3 |  3.2

Action                   |  1- 3 |  4- 6 || total
-------------------------+-------+-------++-------
Melee: Flail             |    36 |       ||    36
       Mace              |    53 |   103 ||   156
Armor: Scale mail        |    47 |    33 ||    80
Dodge: Dodged            |    88 |    78 ||   166
Block: Buckler           |    22 |    12 ||    34

Table legend: (Time is in decaauts)
 A = Elapsed time spent in this place.
 B = Non-inter-level travel time spent in this place.
 C = Inter-level travel time spent in this place.
 D = Time resting spent in this place.
 E = Time spent auto-exploring this place.
 F = Levels seen in this place.
 G = Mean time per level.
                   A        B        C        D        E       F      G
               +--------+--------+--------+--------+--------+-----+--------+
         Total |   2330 |   2235 |     95 |    155 |   1573 |   3 |  776.7 |
       Dungeon |   2330 |   2235 |     95 |    155 |   1573 |   3 |  776.7 |
               +--------+--------+--------+--------+--------+-----+--------+

Top non-repeatable levels by time:
     D:1: 838 daAuts
     D:3: 787 daAuts
     D:2: 704 daAuts
